Map: Oxide LE

Players

ParagonPasT - Winner!

  • Race: Zerg Zerg
  • League: Master
  • Spawn Location: 7:00

A.I. 2 (Elite)

  • Race: Terran Terran
  • Spawn Location: 1:00

VOD

Have the link to the VOD?

Description

Time

  • Played on: Feb. 6, 2021, 8:04 p.m.
  • Length: 6:06
Show
View Real Time Build Order
Export as new Build Order

ParagonPasT Zerg - Winner!

Build Orders: Hatch First 

Get SALT Encoding   

  12  0:00  Drone  
  13  0:12  Overlord  
  13  0:17  Drone  
  14  0:30  Drone  
  14  0:31  Drone  
  16  0:48  Hatchery  
  15  0:52  Drone  
  15  0:54  Drone  
  17  0:58  Drone  
  18  1:09  Extractor  
  17  1:13  Spawning Pool  
  17  1:16  Drone  
  17  1:19  Drone  
  18  1:28  Drone  
  19  1:38  Overlord  
  19  1:49  Drone  
  20  2:00  Queen x2  
  20  2:01  Zergling x4  
  26  2:09  Metabolic Boost  
  26  2:11  Drone x2  
  29  2:22  Drone  
  29  2:23  Drone  
  30  2:35  Queen x2  
  34  2:39  Overlord  
  34  2:41  Overlord  
  34  2:58  Drone  
  34  3:00  Hatchery  
  34  3:01  Drone  
  34  3:03  Drone  
  34  3:05  Drone  
  37  3:08  Drone  
  37  3:09  Drone  
  37  3:12  Drone  
  40  3:14  Drone  
  40  3:16  Drone  
  40  3:19  Drone  
  43  3:21  Drone  
  43  3:25  Extractor  
  43  3:28  Roach Warren  
  42  3:36  Overlord x2  
  42  4:09  Roach x9  
  60  4:12  Roach  
  60  4:14  Roach  
  64  4:20  Roach  
  66  4:25  Zergling x12  
  66  4:29  Zergling x2  
  73  4:31  Spore Crawler  
  73  4:33  Spore Crawler  
  73  4:36  Zergling x2  
  72  4:40  Zergling x2  
  71  4:47  Spore Crawler, Overlord x2  
  70  4:53  Lair  
  70  5:00  Baneling Nest  
  70  5:04  Overlord  
  69  5:07  Drone  
  69  5:08  Drone  
  69  5:09  Drone  
  69  5:13  Drone  
  73  5:16  Drone x2  
  71  5:23  Drone x2  
  71  5:24  Drone  
  66  5:32  Drone  
  66  5:33  Drone  
  68  5:37  Drone, Overlord  
  68  5:38  Drone x3  
  68  5:41  Drone  
  68  5:42  Drone  
  74  5:43  Drone  
  74  5:45  Drone  
  74  5:48  Ravager x4  
  79  5:50  Drone  
Show
View Real Time Build Order
Export as new Build Order

A.I. 2 (Elite) Terran 

Build Orders:  

Get SALT Encoding   

  12  0:00  SCV  
  13  0:13  SCV  
  14  0:18  Supply Depot  
  14  0:25  SCV  
  15  0:40  SCV  
  15  0:42  Barracks  
  16  0:52  SCV  
  18  1:04  SCV  
  18  1:16  Supply Depot, SCV  
  19  1:21  Refinery  
  19  1:28  SCV  
  19  1:30  Marine  
  21  1:40  SCV  
  22  1:48  Marine  
  22  1:52  Barracks, SCV  
  24  1:55  Refinery  
  24  2:04  SCV, Supply Depot  
  24  2:06  Marine  
  26  2:16  SCV  
  27  2:24  Marine, Factory  
  27  2:29  SCV  
  29  2:38  Marine  
  29  2:41  SCV  
  29  2:42  Marine  
  32  2:53  SCV  
  32  2:56  Marine  
  34  2:59  Marine  
  34  3:05  SCV  
  36  3:14  Marine  
  36  3:17  Marine, SCV  
  39  3:20  Supply Depot  
  39  3:24  Factory Tech Lab  
  39  3:36  Starport  
  39  3:41  Marine  
  39  3:42  Marine, SCV  
  42  3:54  SCV  
  43  3:59  Marine  
  44  4:06  SCV  
  44  4:08  Barracks  
  45  4:18  SCV  
  45  4:24  Supply Depot  
  46  4:27  Starport Tech Lab  
  46  4:30  SCV  
  46  4:42  SCV  
  46  4:45  Marine, Siege Tank  
  51  4:46  Marine  
  52  4:54  SCV  
  52  4:58  Factory  
  53  5:00  Supply Depot  
  53  5:05  Starport  
  53  5:06  SCV  
  54  5:16  Barracks Tech Lab  
  54  5:18  SCV  
  52  5:21  Barracks Reactor  
  52  5:22  Hellion, Marine  
  52  5:26  Supply Depot  
  42  5:31  SCV  
  42  5:34  Medivac, Marine  
  40  5:40  Marine  
  31  5:43  Hellion  
Tags
 
League
Master
Matchup
TvZ
Spawn Locations
Cross Positions
Add a new tag
Caveats
  • Supply blocks, unpowered buildings, or Contaminate may cause inaccurate times.
  • Supply counts are checked every 10 seconds.